 Dungeon Crawl Stone Soup version 0.17.0 (webtiles) character file.

44 Eucla the Twirler (level 3, -3/28 HPs)
             Began as a Demonspawn Gladiator on Nov 12, 2015.
             Was an Initiate of Fedhas.
             Slain by Crazy Yiuf
             ... wielding a +2 quarterstaff of chaos
              (6 damage)
             ... on level 2 of the Dungeon.
             The game lasted 00:03:44 (1190 turns).

Eucla the Twirler (Demonspawn Gladiator)            Turns: 1190, Time: 00:03:44

Health: -3/28      AC:  8    Str: 15    XL:     3   Next: 39%
Magic:  0/3        EV:  7    Int:  9    God:    Fedhas [......]
Gold:   94         SH:  0    Dex: 14    Spells: 0 memorised, 2 levels left

rFire  . . .     SeeInvis .     a - +0 quarterstaff
rCold  . . .     Clarity  .     i - +0 chain mail
rNeg   . . .     SustAt   .     (shield currently unavailable)
rPois  .         Gourm    .     (helmet restricted)
rElec  .         Spirit   +     (no cloak)
rCorr  .         Warding  .     (no gloves)
rMut   .         Stasis   .     (no boots)
MR     .....                    (no amulet)
Stlth  ..........               (no ring)
                                f - ring of loudness (curse)

@: drained, not resistant to hostile enchantments, extremely unstealthy
A: antennae 1, magic shield
a: Renounce Religion


You were on level 2 of the Dungeon.
You worshipped Fedhas.
Fedhas was noncommittal.
You were not hungry.

You visited 1 branch of the dungeon, and saw 2 of its levels.

You collected 94 gold pieces.

Inventory:

Hand Weapons
 a - a +0 quarterstaff (weapon)
Missiles
 d - 3 throwing nets (quivered)
Armour
 b - a +0 leather armour
 c - a +0 helmet
 i - a +0 chain mail (worn)
Jewellery
 f - a cursed ring of loudness (left hand)
 n - a cursed ring of teleportation {unknown}
 r - an uncursed ring of protection from fire {unknown}
Scrolls
 g - a scroll of amnesia {unknown}
 j - 2 scrolls of remove curse {unknown}
 m - a scroll of immolation {unknown}
 o - a scroll of random uselessness {unknown}
 p - 3 scrolls of enchant weapon {unknown}
 s - a scroll of blinking {unknown}
 u - a scroll of teleportation {unknown}
 w - a scroll of identify {unknown}
Potions
 l - 2 potions of heal wounds {unknown}
 t - 2 potions of resistance {unknown}
 v - a potion of brilliance {unknown}
 x - a potion of curing {unknown}
Comestibles
 e - 2 bread rations
 h - 2 meat rations
 z - 2 chunks of flesh


   Skills:
 + Level 2.5(2.2) Fighting
 + Level 3.0(2.7) Staves
 - Level 1.7(1.5) Throwing
 + Level 1.5(1.2) Armour
 + Level 2.9(2.7) Dodging


You had 2 spell levels left.
You didn't know any spells.

Dungeon Overview and Level Annotations

Branches:
Dungeon (2/15)

Altars:
Ashenzari
Fedhas

Annotations:
D:2 Crazy Yiuf


Innate Abilities, Weirdness & Mutations

You have a pair of small antennae on your head.
When hurt, damage is shared between your health and your magic reserves.


Message History

Crazy Yiuf hits you with a quarterstaff of chaos.
* * * LOW HITPOINT WARNING * * *
Drink which item? (? for menu, Esc to quit)
It was a potion of cancellation.
Your magical effects are unravelling.
You feel magically purged.
You feel a little less mighty now.
Crazy Yiuf waves his quarterstaff at you.
Crazy Yiuf glowers.
Crazy Yiuf screams, "Buddy sing-song ena!"
Saving game... please wait.
Level annotation: Crazy Yiuf Welcome back, Eucla the Demonspawn Gladiator.
Fedhas says: Spread life and death.
Press ? for a list of commands and other information.
Unknown command.
Crazy Yiuf says, "Gum aubergine fast!"
Crazy Yiuf hits you with a quarterstaff of chaos!
You die...
Fedhas appreciates your contribution to the ecosystem.

#....#.# #.....# #.#..#.#
#.############ #.#..#.# #.#
#...... ..#..#.# #.######.####.
####.#.## ###......#.#..#.
........# ..#.####.#.#..#.
.###....#.########.#......#.#..#.
.#......#.#......#.##.#####.#....
.#.#....#.#.####@#.##.# #.##.#.
.#.##..<#.#.# #.g....# #....#.
.#.##.>.#.#.# ###.#############.
.#.##)..#.#.# #...............
.#..P...#.#.# ###########.####
.#####(.#...# #.## .#####(.#...#
#######..# .#......#...# ###
###.#....#.# ##.####.#...#
#...##..#.PP....#


You could see Crazy Yiuf.

Vanquished Creatures
  An ooze (D:2)
  A worm (D:2)
  2 giant cockroaches
  4 goblins
  6 hobgoblins
  2 quokkas (D:2)
  3 bats
  3 giant geckos
  4 giant newts
  6 kobolds
  4 rats
36 creatures vanquished.

Vanquished Creatures (others)
  13 toadstools (D:2)
13 creatures vanquished.

Grand Total: 49 creatures vanquished

Notes
Turn   | Place    | Note
--------------------------------------------------------------
     0 | D:1      | Eucla the Demonspawn Gladiator began the quest for the Orb.
     0 | D:1      | Reached XP level 1. HP: 16/16 MP: 1/1
   178 | D:1      | Reached skill level 1 in Armour
   271 | D:1      | Gained mutation: You have a pair of small antennae on your head. [demonic ancestry]
   271 | D:1      | Reached XP level 2. HP: 22/22 MP: 2/2
   561 | D:2      | Found a shattered altar of Ashenzari.
   586 | D:2      | Found a blossoming altar of Fedhas.
   633 | D:2      | Became a worshipper of Fedhas Madash
   661 | D:2      | Gained mutation: When hurt, damage is shared between your health and your magic reserves. [demonic ancestry]
   661 | D:2      | Reached XP level 3. HP: 19/28 MP: 3/3
   901 | D:2      | Reached skill level 3 in Staves
  1159 | D:2      | Noticed Crazy Yiuf
  1176 | D:2      | HP: 1/28 [Crazy Yiuf/quarterstaff of chaos (5)]
  1190 | D:2      | Slain by Crazy Yiuf

Action                   || total
-------------------------++-------
Melee: Quarterstaff      ||   107
  Use: Potion            ||     2
  Eat: Chunk             ||     1
